 Dungeon Crawl Stone Soup version 0.24.0-1-gfbc8707122 (webtiles) character file.

Game seed: 7264501144467025209, levelgen mode: deterministic

11701 losten the Skirmisher (level 11, -5/85 HPs)
             Began as a Demonspawn Gladiator on Oct 27, 2019.
             Was a High Priest of Okawaru.
             Slain by a death yak (13 damage)
             ... on level 11 of the Dungeon.
             The game lasted 00:37:13 (11794 turns).

losten the Skirmisher (Demonspawn Gladiator)       Turns: 11794, Time: 00:37:14

Health: -5/85      AC: 37    Str: 23    XL:     11   Next: 52%
Magic:  11/11      EV: 10    Int:  9    God:    Okawaru [*****.]
Gold:   440        SH: 18    Dex: 17    Spells: 10/10 levels left

rFire    . . .     SeeInvis .   a - +2 flail (protect)
rCold    + . .     Gourm    .   y - +0 large shield
rNeg     . . .     Faith    .   z - +6 plate armour of the Mantidfly {+Blink rPois MR+}
rPois    +         Spirit   .   t - +1 helmet
rElec    .         Reflect  .   v - +0 cloak
rCorr    .         Harm     .   r - +0 pair of gloves
MR       +....                  (no boots)
Stlth    ..........             (no amulet)
HPRegen  0.24/turn              x - ring of protection from cold
MPRegen  0.12/turn              (no ring)

@: mighty, heroism, protection aura
A: claws 1, slimy green scales 2, agile 1, demonic guardian 1, powered by pain
2, screaming 1
a: Heroism, Finesse, Renounce Religion, Evoke Blink


You were on level 11 of the Dungeon.
You worshipped Okawaru.
Okawaru was extremely pleased with you.
You were not hungry.

You visited 2 branches of the dungeon, and saw 12 of its levels.

You collected 440 gold pieces.

Inventory:

Hand Weapons
 a - a +2 flail of protection (weapon)
 u - a +6 quarterstaff of chaos
Missiles
 w - 4 boomerangs (quivered)
Armour
 q - a +2 scale mail of fire resistance
 r - a +0 pair of gloves (worn)
 t - a +1 helmet (worn)
 v - a +0 cloak (worn)
 y - a +0 large shield (worn)
 z - the +6 plate armour of the Mantidfly (worn) {+Blink rPois MR+}
   (Okawaru gifted it to you on level 10 of the Dungeon)

   It protects you from poison.
   It affects your resistance to hostile enchantments.
   It lets you blink.
Jewellery
 x - a ring of protection from cold (left hand)
Wands
 c - a wand of iceblast (3)
 j - a wand of flame (9)
 m - a wand of paralysis (9)
Scrolls
 e - 4 scrolls of teleportation
 p - a scroll of magic mapping
 s - 2 scrolls of remove curse
 A - a scroll of holy word {unknown}
 C - a scroll of amnesia {unknown}
 G - 2 scrolls of blinking {unknown}
Potions
 b - a potion of heal wounds
 d - a potion of lignification
 g - 8 potions of curing
 h - 3 potions of haste
 i - a potion of invisibility
 k - 2 potions of agility
 l - a potion of cancellation
 n - 4 potions of brilliance
 o - 2 potions of flight
 D - 2 potions of magic {unknown}
Comestibles
 f - 17 rations


   Skills:
 + Level 7.7(12.7) Fighting
 + Level 6.3(12.9) Maces & Flails
   Level 6.3(12.9) Polearms
 + Level 7.2(14.3) Staves
 + Level 3.5(8.5) Throwing
 + Level 7.1(12.1) Armour
 + Level 4.7(9.7) Dodging
 + Level 4.0(9.0) Stealth
 + Level 4.4(9.4) Shields
 + Level 0.6 Invocations
 + Level 0.6 Evocations


You had 10 spell levels left.
You didn't know any spells.
Your spell library contained the following spells:

 Spells                   Type           Power        Failure   Level  Hunger
 Summon Small Mammal      Summ           #...         100%        1    ##.....
 Call Imp                 Summ           #.......     100%        2    ###....
 Call Canine Familiar     Summ           #.......     100%        3    ####...
 Summon Guardian Golem    Hex/Summ       #.......     100%        3    ####...
 Summon Ice Beast         Ice/Summ       #.......     100%        4    #####..
 Summon Lightning Spire   Summ/Air       #.......     100%        4    #####..


Dungeon Overview and Level Annotations

Branches:
Dungeon (11/15)            Temple (1/1) D:5            Lair (0/6) D:11
    Orc (0/2) D:9

Altars:
Ashenzari
Cheibriados
Dithmenos
Elyvilon
Fedhas
Gozag
Hepliaklqana
Kikubaaqudgha
Makhleb
Nemelex Xobeh
Okawaru
Qazlal
Ru
Sif Muna
Trog
Uskayaw
Vehumet
Wu Jian
Xom
Yredelemnul
Zin
The Shining One


Innate Abilities, Weirdness & Mutations

You have sharp fingernails.
You are mostly covered in slimy green scales. (AC +3)
A weak demonic guardian rushes to your aid.
You sometimes gain power by taking damage.
You are agile. (Dex +2)
You occasionally shout uncontrollably at your foes.


Message History

The death yak is moderately wounded.
You block the death yak's attack.
You sock the death yak!
The death yak is heavily wounded.
You block the death yak's attack.
You hit the death yak.
The death yak is heavily wounded.
You block the death yak's attack.
You barely miss the death yak.
The death yak is heavily wounded.
You block the death yak's attack.
You sock the death yak!
The death yak is severely wounded.
The death yak gores you!!
* * * LOW HITPOINT WARNING * * *
You focus on the pain.
You feel your power returning.
You completely miss the death yak.
The death yak is severely wounded.
The death yak gores you!
You die...

########## .<.[.....# ########.#
#.# . #.################### ##
#...####........@Y......†..#####P
#..............###########.##...÷
#...####...........# #.#..... .
#........#.#.# #Y.Y....
######...###...## #####♣≈≈
......^[)# #..## #≈♣♣ .........#
#...# ###≈ #######..# ##.#.# ##
#............... #


You could see a death yak.

Vanquished Creatures
  Erolcha (D:9)
  2 two-headed ogres
  5 death yaks (D:11)
  An unseen horror (D:9)
  Joseph (D:10)
  2 trolls
  A hippogriff (D:9)
  3 yaks (D:9)
  A wyvern (D:8)
  A hungry ghost (D:9)
  A vampire mosquito (D:9)
  2 sky beasts
  4 orc warriors
  3 ice beasts
  5 ogres
  3 centaurs
  A big kobold (D:8)
  3 bullfrogs
  A scorpion (D:5)
  3 howler monkeys
  2 electric eels (D:11)
  6 crimson imps
  A bullfrog zombie (D:8)
  2 centaur zombies
  2 jellies
  5 orc wizards
  Crazy Yiuf (D:5)
  2 bullfrog skeletons
  4 orc priests
  3 centaur skeletons
  3 hounds
  3 iguanas
  8 worker ants
  A hound zombie (D:7)
  5 adders
  2 oozes (D:3)
  3 adder zombies
  2 worms
  4 dart slugs
  5 leopard geckos
  22 orcs
  A ball python (D:3)
  4 giant cockroaches
  8 goblins
  6 hobgoblins
  20 jackals
  3 quokkas
  11 bats
  3 frilled lizards
  A jackal zombie (D:7)
  8 kobolds
  2 leopard gecko skeletons
  A quokka skeleton (D:9)
  A quokka zombie (D:6)
  8 rats
207 creatures vanquished.

Vanquished Creatures (collateral kills)
  A tengu warrior (D:10)
  A yak (D:9)
  A vampire mosquito (D:9)
  2 water moccasins (D:10)
  An ogre (D:4)
  2 centaurs (D:10)
  3 bullfrogs
  A scorpion (D:10)
  A howler monkey (D:9)
  A crimson imp (D:5)
  A hound (D:5)
  Ijyb (D:5)
  2 orc wizards
  A howler monkey skeleton (D:4)
  12 orcs
  3 jackals
  A frilled lizard (D:5)
  A kobold (D:3)
36 creatures vanquished.

Vanquished Creatures (others)
  An orc wizard (D:10)
1 creature vanquished.

Grand Total: 244 creatures vanquished

Notes
Turn   | Place    | Note
-------+----------+-------------------------------------------
     0 | D:1      | losten the Demonspawn Gladiator began the quest for the
                  | Orb.
     0 | D:1      | Reached XP level 1. HP: 16/16 MP: 1/1
   296 | D:1      | Gained mutation: A weak demonic guardian rushes to your
                  | aid. [demonic ancestry]
   296 | D:1      | Reached XP level 2. HP: 22/22 MP: 2/2
   897 | D:2      | Gained mutation: You are partially covered in slimy green
                  | scales. (AC +2) [demonic ancestry]
   897 | D:2      | Reached XP level 3. HP: 28/28 MP: 3/3
  1993 | D:3      | Gained mutation: You are mostly covered in slimy green
                  | scales. (AC +3) [demonic ancestry]
  1993 | D:3      | Reached XP level 4. HP: 33/34 MP: 4/4
  2336 | D:3      | Reached skill level 1 in Stealth
  2336 | D:3      | Reached XP level 5. HP: 25/41 MP: 5/5
  3239 | D:4      | Found a glowing silver altar of Zin.
  3381 | D:4      | Reached skill level 1 in Armour
  3390 | D:4      | Gained mutation: You sometimes gain a little power by
                  | taking damage. [demonic ancestry]
  3390 | D:4      | Reached XP level 6. HP: 27/47 MP: 6/6
  4130 | D:5      | Entered Level 5 of the Dungeon
  4421 | D:5      | Reached skill level 5 in Polearms
  4453 | D:5      | Found a staircase to the Ecumenical Temple.
  4560 | Temple   | Entered the Ecumenical Temple
  4723 | Temple   | Became a worshipper of Warmaster Okawaru
  4794 | D:5      | Found a hide-covered altar of Uskayaw.
  4797 | D:5      | Noticed a +0 hand axe
  4797 | D:5      | Noticed a +0 hand axe
  4828 | D:5      | Gained mutation: You sometimes gain power by taking damage.
                  | [demonic ancestry]
  4828 | D:5      | Reached XP level 7. HP: 42/54 MP: 7/7
  4833 | D:5      | Noticed Ijyb
  4883 | D:5      | Killed Ijyb
  5104 | D:5      | Found a runed translucent door.
  5105 | D:5      | Noticed Crazy Yiuf
  5160 | D:5      | Found a hide-covered altar of Uskayaw.
  5377 | D:5      | Killed Crazy Yiuf
  5609 | D:6      | Reached * piety under Okawaru
  5709 | D:6      | Reached skill level 1 in Staves
  5709 | D:6      | Reached XP level 8. HP: 60/61 MP: 8/8
  6108 | D:7      | Reached skill level 5 in Fighting
  6399 | D:7      | Found a stormy altar of Qazlal.
  6621 | D:8      | Reached ** piety under Okawaru
  6633 | D:8      | Noticed a two-headed ogre
  6665 | D:8      | Killed a two-headed ogre
  6665 | D:8      | Gained mutation: You have sharp fingernails. [demonic
                  | ancestry]
  6665 | D:8      | Reached XP level 9. HP: 29/68 MP: 9/9
  6669 | D:8      | Reached *** piety under Okawaru
  6669 | D:8      | Reached skill level 5 in Staves
  6891 | D:8      | Found a glowing golden altar of the Shining One.
  6893 | D:8      | Found a shadowy altar of Dithmenos.
  7726 | D:9      | Found a staircase to the Orcish Mines.
  7763 | D:9      | Reached skill level 5 in Armour
  7768 | D:9      | Reached **** piety under Okawaru
  8402 | D:9      | Reached XP level 10. HP: 42/77 MP: 10/10
  8610 | D:9      | Reached skill level 1 in Maces & Flails
  8883 | D:9      | Noticed Erolcha
  8889 | D:9      | Paralysed by Erolcha for 7 turns
  8898 | D:9      | Killed Erolcha
  8898 | D:9      | Reached skill level 1 in Shields
  9341 | D:9      | Reached ***** piety under Okawaru
  9360 | D:9      | Paralysed by fainting for 12 turns
  9487 | D:10     | Entered Level 10 of the Dungeon
  9991 | D:10     | Noticed Joseph
 10033 | D:10     | Killed Joseph
 10303 | D:9      | Killed an unseen horror
 10303 | D:9      | Received a gift from Okawaru
 10708 | D:10     | Gained mutation: You occasionally shout uncontrollably at
                  | your foes. [potion of mutation]
 10708 | D:10     | Gained mutation: You are agile. (Dex +2) [potion of
                  | mutation]
 10835 | D:10     | Noticed a two-headed ogre
 10851 | D:10     | Killed a two-headed ogre
 10851 | D:10     | Received a gift from Okawaru
 10851 | D:10     | Reached XP level 11. HP: 84/84 MP: 11/11
 10855 | D:10     | Got a pitted plate armour {god gift}
 10866 | D:10     | Identified the +6 plate armour of the Mantidfly {+Blink
                  | rPois MR+} (Okawaru gifted it to you on level 10 of the
                  | Dungeon)
 10972 | D:10     | Noticed a tengu warrior
 10991 | D:10     | Killed a tengu warrior
 10991 | D:10     | Reached skill level 5 in Maces & Flails
 11626 | D:11     | Noticed a death yak
 11628 | D:11     | Found a staircase to the Lair.
 11628 | D:11     | Noticed a death yak
 11628 | D:11     | Noticed a death yak
 11628 | D:11     | Noticed a death yak
 11631 | D:11     | Noticed a death yak
 11633 | D:11     | Noticed a death yak
 11635 | D:11     | Noticed a green ugly thing
 11688 | D:11     | Killed a death yak
 11702 | D:11     | Killed a death yak
 11726 | D:11     | Killed a death yak
 11765 | D:11     | Killed a death yak
 11775 | D:11     | Killed a death yak
 11775 | D:11     | Received a gift from Okawaru
 11794 | D:11     | Slain by a death yak

Levels and vault maps discovered:
D:1:      minmay_arrival_jagged, layout_basic
D:2:      layout_basic
D:3:      layout_basic
D:4:      layout_basic, overflow_temple_1_default
D:5:      layout_gridville, dancing_weapons_uskayaw, minmay_temple_entry_wispy,
          first_ration, kennysheep_flooded_box, uniq_ijyb,
          uniq_crazy_yiuf_cottage
D:6:      layout_cave_pools
D:7:      layout_cave_pools, grunt_qazlal_sundering
D:8:      layout_loops_ring, chequers_temple_overflow_statue_of_worship
D:9:      layout_irregular_city, david_orc_2, dk_rats_in_the_wall, uniq_erolcha
D:10:     layout_cave_pools, grunt_tengu_nest, uniq_joseph
D:11:     layout_loops_ring, dpeg_lair_monsters, serial_bayou,
          serial_bayou_lagoon_a, serial_bayou_pond_d, serial_bayou_pond_e,
          serial_bayou_ford_a
Temple:   dpeg_five_rooms_temple

Skill      XL: |  1  2  3  4  5  6  7  8  9 10 11 |
---------------+----------------------------------+-----
Dodging        | 3 4 |  4.7
Polearms       | 3 4 5 6 |  6.3
Fighting       | 3 4 5 6 7 |  7.7
Stealth        | 1 2 3 4 |  4.0
Armour         | 2 3 4 5 6 7 |  7.1
Staves         | 1 4 7 |  7.2
Maces & Flails | 4 6 |  6.3
Throwing       | 2 3 |  3.5
Shields        | 3 4 |  4.4
Invocations    | |  0.6
Evocations     | |  0.6

Action                   |  1- 3 |  4- 6 |  7- 9 | 10-12 || total
-------------------------+-------+-------+-------+-------++-------
Melee: Trident           |   169 |   271 |    48 |       ||   488
       Quarterstaff      |       |       |   226 |       ||   226
       Flail             |       |       |    22 |   388 ||   410
Throw: Throwing net      |       |     5 |       |       ||     5
       Dart              |       |       |       |    46 ||    46
       Boomerang         |       |       |       |     2 ||     2
Invok: Heroism           |       |       |       |     4 ||     4
Evoke: Wand              |       |       |     2 |     4 ||     6
  Use: Potion            |       |       |     1 |     1 ||     2
       Scroll            |       |       |    21 |     1 ||    22
 Stab: Distracted        |       |       |     3 |     6 ||     9
       Confused          |       |       |     1 |       ||     1
       Paralysed         |       |       |     2 |       ||     2
  Eat: Chunk             |     2 |    10 |    13 |     6 ||    31
       Ration            |       |       |       |     2 ||     2
Armor: Leather armour    |     3 |       |       |       ||     3
       Plate armour      |   128 |   135 |    34 |   395 ||   692
       Scale mail        |       |    59 |   146 |       ||   205
Dodge: Dodged            |    66 |    91 |   150 |    55 ||   362
Block: Large shield      |       |       |    22 |   285 ||   307
